 Seeded DCSS version 0.30-a0-719-gcc4359ea44 (webtiles) character file.

Game seed: 5430720872467839093 (custom seed)

7 valliere the Insei (level 2, 14/18 HPs)
             Began as an Octopode Transmuter on Jan 26, 2023.
             Quit the game on level 1 of the Dungeon.
             The game lasted 00:00:12 (75 turns).

valliere the Insei (Octopode Transmuter)              Turns: 75, Time: 00:00:12

Health: 14/18      AC:  1    Str:  9    XL:     2   Next: 4%
Magic:  1/5        EV: 13    Int: 15    God:
Gold:   9          SH:  0    Dex: 12    Spells: 4/5 levels left

rFire   . . .      SeeInvis .      - Unarmed
rCold   . . .      Faith    .    (no shield)
rNeg    . . .      Spirit   .    (helmet currently unavailable)
rPois   .          Reflect  .    (no amulet)
rElec   .          Harm     .    (no ring)
rCorr   .          Rampage  .    (no ring)
Will    .....                    (no ring)
Stlth   ++                       (no ring)
HPRegen 0.23/turn                (no ring)
MPRegen 0.09/turn                (no ring)
                                 (no ring)
                                 (no ring)

@: appendages (expiring)
A: tentacle spike 3, almost no armour, amphibious, 8 rings, camouflage 1,
gelatinous body 1, (nimble swimmer 1), tentacles, deterioration 1
a: End Transformation


You were on level 1 of the Dungeon.
One of your tentacles had grown a beastly spike.
You visited 1 branch of the dungeon, and saw 1 of its levels.

You collected 9 gold pieces.

Inventory:

Potions
 a - a potion of lignification


   Skills:
 + Level 1.2 Fighting
 + Level 2.1 Dodging
 + Level 3.1 Unarmed Combat
 + Level 2.1 Spellcasting
 + Level 2.1 Transmutations


You had 4 spell levels left.
You knew the following spells:

 Your Spells              Type           Power      Damage    Failure   Level
a - Beastly Appendage     Tmut           16%        N/A       9%          1

Your spell library contained the following spells:

 Spells                   Type           Power      Damage    Failure   Level
 Wereblood                Tmut           8%         N/A       14%         2
 Spider Form              Tmut/Pois      4%         N/A       38%         3
 Ice Form                 Ice/Tmut       4%         N/A       80%         4


Dungeon Overview and Level Annotations

Branches:
Dungeon (1/15)

Altars:


Innate Abilities, Weirdness & Mutations

One of your tentacles has grown a beastly spike.
You cannot wear most types of armour.
You are amphibious.
You can wear up to eight rings at the same time.
Your skin changes colour to match your surroundings (Stealth+).
Your rubbery body absorbs attacks. (AC +1, EV +1)
((You are camouflaged when in or above water. (Stealth+)))
You have tentacles for arms and can constrict up to eight enemies at once.
Your body sometimes deteriorates upon taking damage.


Message History

A kobold comes into view. It is wielding a +0 whip.
The jackal misses you.
One of your tentacles grows a vicious spike.
The jackal barks!
The jackal bites you.
You barely miss the jackal. Your grab misses the jackal.
Your tentacle spike misses the jackal.
The jackal bites you.
You tentacle-slap the jackal. You grab the jackal. You squeeze the jackal.
The jackal is almost dead.
You constrict the jackal.
You kill the jackal!
The jackal barely misses you.
You tentacle-slap the jackal. You grab the jackal.
You pierce the jackal.
You kill the jackal!
You closely miss the jackal. You grab the jackal.
You pierce the jackal.
You squeeze the jackal.
You kill the jackal!
Your transformation is almost over.
The kobold hits you with a +0 whip.
Things that are here:
a jackal corpse; a jackal corpse You closely miss the kobold.
Your grab misses the kobold.
You squeeze the kobold, but do no damage.
The kobold misses you.
Your magical contamination has completely faded away.
You tentacle-slap the kobold.
You kill the kobold!
You closely miss the jackal. Your grab misses the jackal.
Your tentacle spike misses the jackal.
You squeeze the jackal.
The jackal is almost dead.
The jackal misses you. x2
You closely miss the jackal. You grab the jackal.
Your tentacle spike misses the jackal.
The jackal is almost dead.
You constrict the jackal.
You kill the jackal!
You have reached level 2!
It was a potion of mutation.
You feel extremely strange.
You feel yourself wasting away.
Are you sure you want to abandon this character and quit the game? (Confirm with "yes".)

........# .# #.....#
...##.....# .........###
..#.......# . #.......#
... #.......########
.....####.#####........#
......)@..# ########.#
......##### #.# ..#..
#.# ... #)# ... #.# ..
#.# # #.# #.# #.#


There were no monsters in sight!

Vanquished Creatures
  4 jackals (D:1)
  2 kobolds (D:1)
6 creatures vanquished.

Notes
Turn   | Place    | Note
-------+----------+-------------------------------------------
     0 | D:1      | valliere the Octopode Transmuter began the quest for the
                  | Orb.
     0 | D:1      | Reached XP level 1. HP: 13/13 MP: 3/3
    74 | D:1      | Reached XP level 2. HP: 14/18 MP: 1/5
    74 | D:1      | Gained mutation: Your body sometimes deteriorates upon
                  | taking damage. [potion of mutation]
    75 | D:1      | Quit the game

Illustrated notes

Levels and vault maps discovered:
D:1:      dpeg_arrival_boxes_within_box, layout_basic

Action                     || total
---------------------------++-------
  Melee: Unarmed           ||     9
         Constrict         ||     5
         Tentacles         ||     5
         Kick              ||     3
   Cast: Beastly Appendage ||     2
    Use: Potion            ||     1
  Dodge: Dodged            ||     5

Table legend: (Time is in decaauts)
 A = Elapsed time spent in this place.
 B = Non-inter-level travel time spent in this place.
 C = Inter-level travel time spent in this place.
 D = Time resting spent in this place.
 E = Time spent auto-exploring this place.
 F = Levels seen in this place.
 G = Mean time per level.
                   A        B        C        D        E       F      G
               +--------+--------+--------+--------+--------+-----+--------+
         Total |     74 |     74 |      0 |      0 |     53 |   1 |   74.0 |
       Dungeon |     74 |     74 |      0 |      0 |     53 |   1 |   74.0 |
               +--------+--------+--------+--------+--------+-----+--------+

Top non-repeatable levels by time:
     D:1: 74 daAuts
